 Dungeon Crawl Stone Soup version 0.27.1 (webtiles) character file.

Game seed: 7170201659089345425

21005 bnorton916 the Destroyer (level 12, -5/59 HPs)
             Began as a Deep Elf Conjurer on Sept 3, 2021.
             Was an Elder of Vehumet.
             Slain by Golfball's ghost (25 damage)
             ... on level 9 of the Dungeon.
             The game lasted 00:40:18 (21470 turns).

bnorton916 the Destroyer (Deep Elf Conjurer)       Turns: 21470, Time: 00:40:18

Health: -5/59      AC:  9    Str:  7    XL:     12   Next: 50%
Magic:  27/37      EV: 15    Int: 26    God:    Vehumet [****..]
Gold:   877        SH:  0    Dex: 13    Spells: 3/31 levels left

rFire    . . .     SeeInvis +   a - +7 long sword "Uxirphy" {speed, Will+}
rCold    . . .     Faith    .   (no shield)
rNeg     + . .     Spirit   .   y - +0 steam dragon scales
rPois    .         Reflect  .   j - +0 helmet
rElec    .         Harm     .   (no cloak)
rCorr    .         Rampage  .   k - +0 pair of gloves
Will     ++...                  (no boots)
Stlth    ++........             (no amulet)
HPRegen  0.19/turn              N - ring of Viurekas {rN+ MP+9 SInv}
MPRegen  0.25/turn              b - ring of wizardry

@: about to teleport, studying Armour
A: no striking features
a: Renounce Religion


You were on level 9 of the Dungeon.
You worshipped Vehumet.
Vehumet was greatly pleased with you.
You visited 3 branches of the dungeon, and saw 13 of its levels.
You also visited: Bailey.

You collected 877 gold pieces.

Inventory:

Hand Weapons
 a - the +7 long sword "Uxirphy" (weapon) {speed, Will+}
   (You took it off an orc warrior on level 7 of the Dungeon)

   Attacks with this weapon are significantly faster.
   Will:      It increases your willpower.
 G - a +6 dagger of holy wrath
Missiles
 l - 317 stones
 E - a curare-tipped dart
Armour
 j - a +0 helmet (worn)
 k - a +0 pair of gloves (worn)
 y - +0 steam dragon scales (worn)
 B - a +2 robe of positive energy
Magical Staves
 d - a staff of air
 x - a staff of poison
Jewellery
 b - a ring of wizardry (right hand)
 s - a ring of magical power
 N - the ring of Viurekas (left hand) {rN+ MP+9 SInv}
   (You found it on level 8 of the Dungeon)

   [ring of positive energy]

   rN:        It protects you from negative energy.
   MP:        It affects your magic capacity (+9).
   SInv:      It lets you see invisible.
Wands
 p - a wand of digging (6)
 A - a wand of iceblast (25)
Scrolls
 e - a scroll of blinking {unknown}
 i - a scroll of holy word {unknown}
 q - 4 scrolls of enchant armour {unknown}
 r - 5 scrolls of noise
 u - a scroll of fear {unknown}
 w - 3 scrolls of fog
 D - a scroll of summoning {unknown}
 F - 3 scrolls of acquirement {unknown}
 I - a scroll of magic mapping
 L - 2 scrolls of amnesia {unknown}
 O - a scroll of identify
Potions
 c - 8 potions of curing {unknown}
 f - 4 potions of attraction
 g - 2 potions of heal wounds
 h - 3 potions of lignification
 n - a potion of flight
 o - a potion of might {unknown}
 t - 2 potions of resistance
 v - a potion of magic
 z - a potion of mutation
 C - 2 potions of berserk rage
 H - a potion of degeneration {unknown}
 J - a potion of cancellation {unknown}
 K - a potion of haste
 M - a potion of brilliance {unknown}


   Skills:
 + Level 6.8 Armour
 - Level 7.4 Dodging
 - Level 2.4 Stealth
 - Level 10.3 Spellcasting
 + Level 12.6 Conjurations
 - Level 9.1 Hexes
 - Level 7.6 Translocations
 - Level 9.2 Fire Magic
 - Level 2.0 Air Magic
 - Level 2.0 Poison Magic


You had 3 spell levels left.
You knew the following spells:

 Your Spells              Type           Power      Damage    Failure   Level
a - Magic Dart            Conj           100%       1d8       1%          1
b - Searing Ray           Conj           100%       3d7       1%          2
c - Fulminant Prism       Conj/Hex       31%        3d16      1%          4
d - Iskenderun's Mystic   Conj/Tloc      60%        2d13      1%          4
e - Sandblast             Erth           26%        2d8       1%          1
f - Mephitic Cloud        Conj/Pois/Air  42%        N/A       1%          3
g - Poisonous Vapours     Pois/Air       46%        N/A       1%          2
h - Starburst             Conj/Fire      31%        6d10      1%          6
i - Irradiate             Conj/Tmut      23%        3d21      1%          5

Your spell library contained the following spells:

 Spells                   Type           Power      Damage    Failure   Level
 Bolt of Magma            Conj/Fire/Erth 25%        4d12      1%          5
 Beastly Appendage        Tmut           26%        N/A       1%          1
 Dazzling Flash           Conj/Hex       100%       N/A       1%          3
 Ignite Poison            Fire/Tmut/Pois 33%        N/A       1%          3
 Summon Guardian Golem    Hex/Summ       37%        N/A       1%          3
 Call Imp                 Summ           13%        N/A       2%          2
 Wereblood                Tmut           13%        N/A       2%          2
 Spider Form              Tmut/Pois      9%         N/A       3%          3
 Airstrike                Air            11%        N/A       2%          4
 Ice Form                 Ice/Tmut       13%        N/A       17%         4
 Petrify                  Tmut/Erth      13%        N/A       17%         4
 Alistair's Intoxication  Tmut/Pois      12%        N/A       32%         5
 Eringya's Noxious Bog    Tmut/Pois      9%         N/A       38%         6
 Borgnjor's Vile Clutch   Necr/Erth      6%         N/A       43%         5
 Malign Gateway           Summ/Tloc      16%        N/A       95%         7
 Storm Form               Tmut/Air       9%         N/A       100%        7
 Summon Horrible Things   Summ           6%         N/A       100%        8


Dungeon Overview and Level Annotations

Branches:
Dungeon (9/15)             Temple (1/1) D:5            Lair (3/6) D:9
 Spider (0/4) Lair:2          Orc (0/2) D:9          Bailey (visited)
  Swamp: Lair:2-4    Shoals: Lair:2-4

Altars:
Ashenzari
Cheibriados
Dithmenos
Elyvilon
Fedhas
Gozag
Hepliaklqana
Kikubaaqudgha
Makhleb
Nemelex Xobeh
Okawaru
Qazlal
Ru
Sif Muna
Trog
Uskayaw
Vehumet
Wu Jian
Xom
Yredelemnul
Zin
The Shining One

Shops:
D:4 *[(*   D:9 =

Annotations:
D:9 1 transporter, Golfball's ghost, novice TrMo


Message History

That beam is likely to hit you.
Continue anyway?
That beam is likely to hit you.
Continue anyway?
Okay, then.
Casting: Starburst (dangerous; 1% risk of failure)
Confirm with . or Enter, or press ? or * to list all spells.
Casting: Starburst (dangerous; 1% risk of failure)
Press: ? - help, Dir - look around, f - activate That beam is likely to hit you.
Continue anyway?
That beam is likely to hit you.
Continue anyway?
The bolt of fire misses you. The bolt of fire hits you!!
The bolt of fire hits Golfball's ghost!
Golfball's ghost resists.
Golfball's ghost is lightly damaged.
The bolt of fire hits the ogre!!
You kill the ogre!
Vehumet accepts your kill.
The bolt of fire hits the two-headed ogre!!
The two-headed ogre is heavily wounded.
Golfball's ghost barely misses you.
Press: ? - help, v - describe, . - travel A stone wall.
Unknown command.
Okay, then.
Casting: Starburst (dangerous; 1% risk of failure)
Confirm with . or Enter, or press ? or * to list all spells.
Aiming: Searing Ray (safe; 1% risk of failure)
Press: ? - help, Shift-Dir - straight line, f - two-headed ogre
Aim: a two-headed ogre, wielding a +4 great mace and the +6 dire flail of Joyful Slaughter {vorpal, Fly MP+9 Dex+3} (heavily wounded, 92% to hit)
Okay, then.
Unknown command.
Casting: Searing Ray (safe; 1% risk of failure)
Confirm with . or Enter, or press ? or * to list all spells.
Aiming: Fulminant Prism (safe; 1% risk of failure)
Press: ? - help, Dir - move target You conjure a prism of explosive energy!
A fulminant prism comes into view.
Golfball's ghost hits you!!
Unknown command.
As you read the scroll of teleportation, it crumbles to dust.
You feel strangely unstable. Golfball's ghost hits you!!
You die...

......###..).)....####.#.#.##....
..............)©.©.....#.#.##....
..........#############....##..##
...##.....#©...[?)....#..####....
...##....##.#..#.#..#.#.#####.#..
.[.##....##..##.)*##..#.##.##.#..
.........##..##.OO##..#.##.##.#..
.∩#......##.#.O#W#..#.#.##.###...
..#...#####.....@.....#..........
.∩#...# #############..####....
..#...# #...##.#.##..####...)
..#...# #...##.#.##.#..###...
#....)########.....#.##.#..# #...
#.##)#)....).......#.......# #..[
....)..########.##.####.#.## #...
....[....#....#.##......#.#####..
##..#..#.#.##.###...#####....##.#


You could see 2 two-headed ogres, an ogre, Golfball's ghost and a friendly
fulminant prism.

Vanquished Creatures
  The ghost of Tomn the Unseen, a journeyman KoEn of Gozag (Lair:3)
  A boulder beetle (Lair:3)
  A death knight (D:8)
  5 death yaks
  Pikel (D:9)
  2 black mambas
  A torpor snail (Lair:3)
  A rime drake (D:9)
  2 komodo dragons
  7 cane toads
  A polar bear (Lair:2)
  Prince Ribbit (D:6)
  A dream sheep (Lair:3)
  Sigmund (D:6)
  A vampire (D:8)
  A wraith (D:8)
  A wyvern (D:7)
  13 yaks
  A basilisk (Lair:3)
  3 steam dragons
  9 water moccasins
  4 black bears
  3 ice beasts
  15 orc warriors
  A hornet zombie (D:7)
  2 sky beasts (D:8)
  A necrophage (D:5)
  15 wolves
  3 ogres
  A centaur (D:9)
  2 phantoms (D:4)
  2 lemures (D:9)
  12 bullfrogs
  2 kobold brigands
  3 scorpions
  A water moccasin zombie (D:5)
  3 water moccasin skeletons
  2 wyvern skeletons
  4 killer bees (D:9)
  5 wights (D:8)
  4 electric eels (D:9)
  7 howler monkeys
  2 jellies
  A centaur zombie (D:9)
  5 hounds
  A gnoll shaman (D:9)
  2 orc priests (D:9)
  2 bullfrog skeletons
  4 centaur skeletons
  4 iguanas
  3 orc wizards (D:9)
  2 killer bee zombies (D:8)
  A hound zombie (D:5)
  A howler monkey zombie (D:9)
  7 gnolls
  11 adders
  A shadow imp (D:6)
  A white imp (D:3)
  An adder skeleton (D:4)
  2 worms
  2 dart slugs
  31 orcs
  6 endoplasms
  2 giant cockroaches (D:2)
  5 hobgoblins
  7 jackals
  5 quokkas
  8 ball pythons
  4 bats
  5 frilled lizards
  6 goblins
  18 kobolds
  4 rats
301 creatures vanquished.

Vanquished Creatures (others)
  40 fulminant prisms
  11 fungi
  18 plants
69 creatures vanquished.

Grand Total: 370 creatures vanquished

Notes
Turn   | Place    | Note
-------+----------+-------------------------------------------
     0 | D:1      | bnorton916 the Deep Elf Conjurer began the quest for the
                  | Orb.
     0 | D:1      | Reached XP level 1. HP: 10/10 MP: 6/6
   141 | D:1      | Found a faded altar of an unknown god.
   526 | D:1      | Reached XP level 2. HP: 15/15 MP: 4/8
  1066 | D:2      | Found a sparkling altar of Nemelex Xobeh.
  1192 | D:2      | Reached skill level 5 in Conjurations
  1192 | D:2      | Reached XP level 3. HP: 19/19 MP: 5/10
  1202 | D:2      | Learned a level 2 spell: Searing Ray
  1726 | D:3      | Reached XP level 4. HP: 24/24 MP: 6/12
  1838 | D:3      | Noticed a scorpion
  1842 | D:3      | Killed a scorpion
  1843 | D:3      | Reached skill level 5 in Spellcasting
  1964 | D:3      | Reached XP level 5. HP: 28/28 MP: 10/14
  2006 | D:3      | Learned a level 4 spell: Fulminant Prism
  2011 | D:3      | Learned a level 4 spell: Iskenderun's Mystic Blast
  2298 | D:3      | Reached skill level 1 in Hexes
  2659 | D:4      | Found Walaoni's Antique Weapon Emporium.
  2689 | D:4      | Reached skill level 1 in Translocations
  2754 | D:4      | Noticed a phantom
  2759 | D:4      | Killed a phantom
  2760 | D:4      | Reached XP level 6. HP: 32/32 MP: 9/16
  3548 | D:4      | Found Vaklel's Assorted Antiques.
  3762 | D:4      | Reached skill level 5 in Hexes
  3762 | D:4      | Reached XP level 7. HP: 28/36 MP: 5/17
  3997 | D:4      | Found Urghomeigh's Antique Armour Shop.
  4074 | D:4      | Found Plog's Serpentskin Sales.
  4280 | D:5      | Entered Level 5 of the Dungeon
  4323 | D:5      | Reached skill level 5 in Translocations
  4893 | D:5      | Reached XP level 8. HP: 37/41 MP: 18/18
  4953 | D:5      | Learned a level 3 spell: Mephitic Cloud
  5142 | D:5      | Got the Collected Works on Transformation and Malediction
  5385 | D:5      | Found a staircase to the Ecumenical Temple.
  5747 | Temple   | Entered the Ecumenical Temple
  5847 | Temple   | Became a worshipper of Vehumet
  6067 | D:6      | Noticed Sigmund
  6073 | D:6      | Killed Sigmund
  6534 | D:6      | Reached skill level 1 in Air Magic
  6534 | D:6      | Reached skill level 1 in Poison Magic
  7003 | D:6      | Reached XP level 9. HP: 39/45 MP: 19/19
  7063 | D:6      | Found a shimmering altar of Xom.
  7117 | D:6      | Noticed Prince Ribbit
  7123 | D:6      | Killed Prince Ribbit
  7124 | D:6      | Reached skill level 1 in Armour
  7677 | D:7      | Reached * piety under Vehumet
  7677 | D:7      | Offered knowledge of Sandblast by Vehumet.
  7680 | D:7      | Learned a level 1 spell: Sandblast
  8306 | D:7      | Got the Almanac of Salt
  8334 | D:7      | Reached skill level 5 in Dodging
  9090 | D:7      | Identified the +7 long sword "Uxirphy" {speed, Will+}
  9563 | D:8      | Found a flagged portal.
  9573 | Bailey   | Entered a bailey
  9608 | Bailey   | Learned a level 2 spell: Poisonous Vapours
  9666 | Bailey   | Reached skill level 6 in Conjurations
  9666 | Bailey   | Reached XP level 10. HP: 21/50 MP: 18/20
  9991 | Bailey   | Reached ** piety under Vehumet
 10239 | Bailey   | Identified the +0 fire dragon scales of Ratuicoim {+Blink
                  | rElec rF++ rC- Dex-5 SInv}
 10241 | Bailey   | Offered knowledge of Shock by Vehumet.
 10957 | D:8      | Found a transporter.
 10959 | D:8      | Found a transporter.
 10974 | D:8      | Found a basalt altar of Yredelemnul.
 10979 | D:8      | Noticed a death knight
 10985 | D:8      | Found an ancient bone altar of Kikubaaqudgha.
 11934 | D:9      | Reached skill level 7 in Conjurations
 12842 | D:9      | Noticed a death yak
 12886 | D:9      | Noticed Pikel
 12891 | D:9      | Killed Pikel
 12998 | D:9      | Found Suplad's Jewellery Boutique.
 13009 | D:9      | Learned a level 6 spell: Starburst
 13033 | D:9      | Found a hazy altar of Hepliaklqana.
 13041 | D:9      | Reached skill level 8 in Conjurations
 13041 | D:9      | Reached skill level 1 in Fire Magic
 13589 | D:9      | Offered knowledge of Inner Flame by Vehumet.
 13749 | D:9      | Found a staircase to the Orcish Mines.
 13838 | D:9      | Found a staircase to the Lair.
 13855 | D:9      | Noticed a death yak
 13856 | D:9      | Noticed a death yak
 13856 | D:9      | Noticed a death yak
 13859 | D:9      | Noticed a death yak
 13861 | D:9      | Noticed a death yak
 13869 | D:9      | Killed a death yak
 13877 | D:9      | Killed a death yak
 13921 | D:9      | Reached XP level 11. HP: 42/54 MP: 8/26
 14138 | D:9      | Found a transporter.
 14144 | D:9      | Identified the +6 dire flail of Joyful Slaughter {vorpal,
                  | Fly MP+9 Dex+3}
 14144 | D:9      | Noticed a two-headed ogre
 14145 | D:9      | Noticed Golfball's ghost (novice TrMo)
 14147 | D:9      | Noticed a two-headed ogre
 14147 | D:9      | Reached *** piety under Vehumet
 14172 | D:9      | Found a transporter.
 14208 | D:9      | Killed a death yak
 14209 | D:9      | Reached skill level 9 in Conjurations
 14426 | D:9      | Killed a death yak
 14427 | D:9      | Reached skill level 10 in Spellcasting
 14855 | Lair:1   | Entered Level 1 of the Lair of Beasts
 14872 | D:9      | Reached skill level 5 in Fire Magic
 15468 | Lair:1   | Reached skill level 10 in Conjurations
 16252 | Lair:1   | Offered knowledge of Conjure Flame by Vehumet.
 16261 | Lair:1   | Learned a level 5 spell: Irradiate
 17045 | Lair:2   | Got the Disquisition on Changing
 17245 | Lair:2   | Found a hole to the Spider Nest.
 17644 | Lair:2   | Reached skill level 11 in Conjurations
 18211 | Lair:3   | Noticed a boulder beetle
 18214 | Lair:3   | Found a runed translucent gate.
 18214 | Lair:3   | Found a runed translucent gate.
 18214 | Lair:3   | Noticed Tomn's ghost (journeyman KoEn)
 18215 | Lair:3   | Found a runed translucent gate.
 18220 | Lair:3   | Noticed a death yak
 18240 | Lair:3   | Reached **** piety under Vehumet
 18388 | Lair:3   | Reached XP level 12. HP: 50/59 MP: 28/28
 18392 | Lair:2   | Killed a death yak
 18635 | Lair:3   | Killed a boulder beetle
 18798 | Lair:3   | Offered knowledge of Bolt of Magma by Vehumet.
 19088 | Lair:3   | Killed Tomn's ghost
 19322 | Lair:3   | Reached skill level 12 in Conjurations
 19458 | Lair:3   | Reached skill level 5 in Armour
 20977 | D:8      | Killed a death knight
 21184 | D:8      | Identified the ring of Viurekas {rN+ MP+9 SInv}
 21470 | D:9      | Slain by Golfball's ghost

Illustrated notes

Levels and vault maps discovered:
D:1:      scummos_arrival_gate, layout_loops_ring,
          shapermc_ecumenical_altar_mp_ritualfount,
          chequers_serial_rivers_marsh, minmay_distorted
D:2:      layout_rooms, basic_altar, grunt_ministairs_14, minivault_11,
          nrook_campfire, st_stairs_13
D:3:      layout_basic
D:4:      layout_gridville, serial_shops, nicolae_inconvenience_store,
          nicolae_lakefront_shop, nicolae_shop_trees, minmay_misc_feat_columns,
          guppyfry_shop_venom
D:5:      layout_layer_cave, minmay_temple_entry_glassed_door
D:6:      minmay_skewed_foursquare, layout_loops_corners, lemuel_crystal_altar,
          uniq_sigmund, uniq_prince_ribbit1
D:7:      layout_loops_corners
D:8:      layout_loops_corners, gammafunk_temple_of_torment, enter_bailey_4
D:9:      layout_basic, nzn_hepliaklqana_mist_gate, dpeg_lair_monsters,
          david_orc_4, gammafunk_ghost_smash, serial_shops,
          nicolae_shop_competitors_out_of_business, uniq_pikel
Temple:   compressed_dpeg_circular_temple
Lair:1:   layout_chaotic_city, beast_lair_carwin_2
Lair:2:   layout_regular_city, spider_nest_entry_web_field, grunt_megastairs_3
Lair:3:   layout_cave_pods, gammafunk_ghost_split

Skill      XL: |  1  2  3  4  5  6  7  8  9 10 11 12 |
---------------+-------------------------------------+-----
Spellcasting   | 4 5 9 10 | 10.3
Conjurations   | 5 6 8 11 12 | 12.6
Hexes          | 2 5 7 9 |  9.1
Translocations | 2 4 5 7 |  7.6
Air Magic      | 2 |  2.0
Poison Magic   | 2 |  2.0
Armour         | 4 6 |  6.8
Dodging        | 7 |  7.4
Fire Magic     | 3 8 9 |  9.2
Stealth        | |  2.4

Action                   |  1- 3 |  4- 6 |  7- 9 | 10-12 || total
-------------------------+-------+-------+-------+-------++-------
Melee: Long sword        |       |       |     5 |    17 ||    22
 Cast: Magic Dart        |    69 |    91 |   155 |   129 ||   444
       Searing Ray       |       |    10 |    46 |    51 ||   107
       Fulminant Prism   |       |       |     3 |    39 ||    42
       Poisonous Vapours |       |       |     5 |    10 ||    15
       Sandblast         |       |       |     5 |       ||     5
       Iskenderun's Myst |       |       |     4 |    30 ||    34
       Mephitic Cloud    |       |       |     2 |     7 ||     9
       Starburst         |       |       |       |    34 ||    34
       Irradiate         |       |       |       |     5 ||     5
Evoke: Wand              |       |       |       |     1 ||     1
  Use: Scroll            |       |       |     7 |    10 ||    17
       Potion            |       |       |     1 |       ||     1
Armor: Robe              |       |     1 |    11 |       ||    12
       Steam dragon scal |       |       |     5 |    35 ||    40
Dodge: Dodged            |       |    13 |    74 |    92 ||   179
       Rpst.: Long sword |       |       |     2 |    19 ||    21
